 Dungeon Crawl Stone Soup version 0.31-a0-667-g39726597b9 (webtiles) character file.

Game seed: 1086529756007855320

156 garrulousMonolith the Ruffian (level 5, -3/34 HPs)
             Began as an Octopode Shapeshifter on Sept 3, 2023.
             Slain by a gnoll bouda
             ... wielding a +0 whip
              (4 damage)
             ... on level 4 of the Dungeon.
             The game lasted 00:02:54 (2031 turns).

garrulousMonolith the Ruffian (OpSh)                Turns: 2031, Time: 00:02:55

Health: -3/34      AC:  1    Str: 16    XL:     5   Next: 38%
Magic:  5/5        EV: 13    Int: 12    God:
Gold:   181        SH:  0    Dex: 11    Spells: 3/4 levels left

rFire   . .          .
                       - Unarmed
rCold   . . .        (no shield)
rNeg    . . .        (helmet currently unavailable)
rPois   .            (no amulet)
rElec   .            (no ring)
rCorr   .            (no ring)
SInv    .            (no ring)
Will    .....        (no ring)
Stlth   ++++         (no ring)
HPRegen 0.25/turn    (no ring)
MPRegen 0.09/turn    (no ring)
                     (no ring)

%: no passive effects
@: beast-form
A: beast (slay +2), almost no armour, amphibious, 8 rings, camouflage 1,
gelatinous body 1, nimble swimmer 1, tentacles
a: Begin Untransformation


You were on level 4 of the Dungeon.
You were a hulking beast.
You visited 1 branch of the dungeon, and saw 4 of its levels.

You collected 181 gold pieces.

Inventory:

Talismans
 b - a beast talisman (active)
 c - a flux talisman
Scrolls
 f - a scroll of enchant weapon {unknown}
 g - a scroll of noise
 h - a scroll of amnesia {unknown}
 i - a scroll of teleportation {unknown}
 j - 2 scrolls of fear
 k - a scroll of immolation {unknown}
 l - a scroll of vulnerability {unknown}
 m - a scroll of revelation {unknown}
Potions
 a - a potion of lignification
 d - a potion of curing {unknown}
 e - a potion of heal wounds {unknown}


   Skills:
 + Level 2.0 Fighting
 + Level 2.7 Dodging
 + Level 2.1 Stealth
 * Level 4.0 Unarmed Combat
 * Level 3.9 Shapeshifting


You had 3 spell levels left.
You knew the following spells:

 Your Spells              Type           Power      Damage    Failure   Level
a - Magic Dart            Conj           0%         1d3       32%         1

Your spell library contained the following spells:

 Spells                   Type           Power      Damage    Failure   Level
 Call Imp                 Summ           0%         N/A       45%         2
 Mephitic Cloud           Conj/Pois/Air  0%         N/A       69%         3


Dungeon Overview and Level Annotations

Branches:
Dungeon (3/15)

Altars:
Cheibriados
Elyvilon


Innate Abilities, Weirdness & Mutations

You are a hulking beast.
Your limbs bulge with bestial killing power. (Slay +2)
You cannot wear most types of armour.
You are amphibious.
You can wear up to eight rings at the same time.
Your skin changes colour to match your surroundings (Stealth+).
Your rubbery body absorbs attacks. (AC +1, EV +1)
You are camouflaged when in or above water. (Stealth+)
You have tentacles for arms and can constrict up to eight enemies at once.


Message History

You hear a splash. x2
You barely miss the gnoll bouda. Your grab misses the gnoll bouda.
You barely miss the gnoll bouda. You grab the gnoll bouda.
Your squeeze misses the gnoll bouda.
Your attacks no longer feel as feeble.
You constrict the gnoll bouda.
The gnoll bouda gazes fiercely through you!
You feel your attacks grow feeble.
The gnoll bouda splashes around in the water.
You tentacle-slap the gnoll bouda.
The gnoll bouda is moderately wounded.
You constrict the gnoll bouda, but do no damage.
A nearby plant withers and dies.
The gnoll bouda splashes around in the water.
You release your grip on the gnoll bouda.
You barely miss the gnoll bouda. Your grab misses the gnoll bouda.
The gnoll bouda is moderately wounded.
You barely miss the gnoll bouda. You grab the gnoll bouda.
The gnoll bouda is moderately wounded.
You constrict the gnoll bouda, but do no damage.
The gnoll bouda barks out a call to the hunt!
The gnoll picks up the pace!
You tentacle-slap the gnoll bouda.
The gnoll bouda is heavily wounded.
You constrict the gnoll bouda. The gnoll closely misses you.
The gnoll bouda hits you with a +0 whip.
You tentacle-slap the gnoll bouda. Your squeeze misses the gnoll bouda.
The gnoll bouda is severely wounded.
You constrict the gnoll bouda, but do no damage.
The gnoll zaps a wand.
The puff of flame hits you.
The gnoll bouda hits you with a +0 whip!
* * * LOW HITPOINT WARNING * * *
You completely miss the gnoll. You grab the gnoll.
You are engulfed in a cloud of scalding steam.
* * * LOW HITPOINT WARNING * * *
Your attacks no longer feel as feeble.
You constrict the gnoll bouda, but do no damage.
You constrict the gnoll.
The gnoll splashes around in the water.
The gnoll bouda hits you with a +0 whip.
You die...

....##.##.#### #######.#
#.......# #.#
##..###.######### #.#
##..## ##.##.....# #.#
...## #.#.....#######.#
...# #.....♣..♣.#.#..#
...## ##.#..~~~~~.~~...#
#...## ##.##.♣♣g~~~~.~~..#
#....###g###.~)gh≈≈≈~~~..#
#.###....# #.~.~~~≈~~~~..#
#.####.#.# #....~.~~~~P..#
.#..g..#.# #.P~~.~.~~P..##
#.######.###...P♣.......#
...# #.#........#####.#
...# #...##.......###.#
##.# ######...........#
... #.......#####


You could see a gnoll bouda and a gnoll (swift).

Vanquished Creatures
  A scorpion (D:4)
  An iguana (D:4)
  2 adders
  2 worms (D:2)
  2 dart slugs
  3 orcs
  6 endoplasms
  3 giant cockroaches (D:2)
  A goblin (D:3)
  3 hobgoblins
  4 quokkas
  A ball python (D:1)
  2 bats
  6 frilled lizards
  5 kobolds (D:1)
  6 rats
48 creatures vanquished.

Notes
Turn   | Place    | Note
-------+----------+-------------------------------------------
     0 | D:1      | garrulousMonolith the Octopode Shapeshifter began the quest
                  | for the Orb.
     0 | D:1      | Reached XP level 1. HP: 13/13 MP: 1/1
   125 | D:1      | Reached XP level 2. HP: 14/18 MP: 2/2
   736 | D:2      | Found a white marble altar of Elyvilon.
   756 | D:2      | Reached XP level 3. HP: 15/23 MP: 3/3
   961 | D:2      | Reached skill level 1 in Stealth
  1405 | D:3      | Found a snail-covered altar of Cheibriados.
  1466 | D:3      | Reached XP level 4. HP: 25/28 MP: 4/4
  1495 | D:3      | You fall into a shaft and drop 1 floor!
  1547 | D:4      | Learned a level 1 spell: Magic Dart
  1755 | D:4      | Noticed a scorpion
  1756 | D:4      | Noticed an ogre
  1771 | D:4      | Killed a scorpion
  1772 | D:4      | Reached skill level 4 in Unarmed Combat
  1772 | D:4      | Reached XP level 5. HP: 9/34 MP: 5/5
  2031 | D:4      | HP: 1/34 [gnoll][a gnoll bouda] (9)]
  2031 | D:4      | Slain by a gnoll bouda

Illustrated notes

Levels and vault maps discovered:
D:1:      minmay_arrival_shattered_statue, layout_basic,
          minmay_gold_behind_fungi, minmay_ruptured
D:2:      layout_basic, basic_altar
D:3:      layout_basic, lemuel_doored_altar
D:4:      layout_loops_cross, minmay_temple_entry_offerings, serial_bayou,
          serial_bayou_shore_b, serial_bayou_pond_b, serial_bayou_shore_a,
          serial_bayou_lagoon_a, uniq_eustachio

Skill      XL: |  1  2  3  4 |
---------------+-------------+-----
Stealth        | 1 2 |  2.1
Fighting       | 2 |  2.0
Unarmed Combat | 4 |  4.0
Dodging        | |  2.7
Shapeshifting  | |  3.9

Action                     |  1- 3 |  4- 6 || total
---------------------------+-------+-------++-------
  Melee: Unarmed           |    73 |    29 ||   102
         Constrict         |    15 |     6 ||    21
         Tentacles         |    13 |     5 ||    18
         Punch             |     2 |     1 ||     3
   Cast: Magic Dart        |       |     1 ||     1
    Use: Scroll            |     2 |       ||     2
   Stab: Sleeping          |    11 |     1 ||    12
 Armour: Skin              |    18 |    13 ||    31
  Dodge: Dodged            |    23 |    25 ||    48

Table legend: (Time is in decaauts)
 A = Elapsed time spent in this place.
 B = Non-inter-level travel time spent in this place.
 C = Inter-level travel time spent in this place.
 D = Time resting spent in this place.
 E = Time spent auto-exploring this place.
 F = Levels seen in this place.
 G = Mean time per level.
                   A        B        C        D        E       F      G
               +--------+--------+--------+--------+--------+-----+--------+
         Total |   2023 |   1991 |     32 |    410 |   1202 |   4 |  505.8 |
       Dungeon |   2023 |   1991 |     32 |    410 |   1202 |   4 |  505.8 |
               +--------+--------+--------+--------+--------+-----+--------+

Top non-repeatable levels by time:
     D:1: 725 daAuts
     D:2: 640 daAuts
     D:4: 533 daAuts
     D:3: 124 daAuts
